 Dungeon Crawl Stone Soup version 0.29-a0-416-g83a48905f1 (webtiles) character file.

Game seed: 16368198862116062160

610 hquester the Grasshopper (level 7, 0/56 HPs)
             Began as a Gnoll Warper on May 13, 2022.
             Slain by a yak (4 damage)
             ... on level 4 of the Dungeon on May 16, 2022.
             The game lasted 00:25:51 (3816 turns).

hquester the Grasshopper (Gnoll Warper)             Turns: 3816, Time: 00:25:52

Health: 0/56       AC:  7    Str: 10    XL:     7   Next: 43%
Magic:  0/15       EV: 10    Int: 15    God:
Gold:   207        SH:  8    Dex: 14    Spells: 15/17 levels left

rFire   + . .      SeeInvis .   a - +0 hand axe
rCold   x . .      Faith    .   g - +0 kite shield
rNeg    . . .      Spirit   +   l - +1 ring mail of Rextog {rF+ rC- Regen+ Dex+3}
rPois   +          Reflect  .   (no helmet)
rElec   .          Harm     .   (no cloak)
rCorr   .          Rampage  .   (no gloves)
Will    .....                   v - +0 pair of boots
Stlth   +.........              e - amulet of guardian spirit
HPRegen 0.98/turn               b - ring of poison resistance
MPRegen 0.14/turn               (no ring)

@: no status effects
A: fangs 1, strong nose, distributed training
a: no special abilities


You were on level 4 of the Dungeon.
You visited 1 branch of the dungeon, and saw 5 of its levels.
You also visited: Sewer.

You collected 207 gold pieces.

Inventory:

Hand Weapons
 a - a +0 hand axe (weapon)
 w - a +2 mace of holy wrath
 x - a +1 war axe
Missiles
 d - 7 boomerangs of dispersal (quivered)
Armour
 f - a +0 plate armour
 g - a +0 kite shield (worn)
 l - the +1 ring mail of Rextog (worn) {rF+ rC- Regen+ Dex+3}
   (You found it on level 2 of the Dungeon)

   Dex:       It affects your dexterity (+3).
   rF:        It protects you from fire.
   rC:        It makes you vulnerable to cold.
   Regen:     It increases your rate of health regeneration.
 s - a +0 troll leather armour {Pargi}
 v - a +0 pair of boots (worn)
Jewellery
 b - a ring of poison resistance (left hand)
 e - an amulet of guardian spirit (around neck)
Wands
 r - a wand of charming (3)
Scrolls
 h - a scroll of magic mapping
 m - a scroll of blinking
 n - a scroll of teleportation
Potions
 c - 2 potions of heal wounds
 i - a potion of berserk rage {unknown}
 j - a potion of lignification {unknown}
 k - 2 potions of mutation
 o - 4 potions of curing
 p - 2 potions of haste
 q - 3 potions of brilliance
 t - a potion of might
 u - a potion of attraction {unknown}


   Skills:
 + Level 5.2 Fighting
 + Level 2.5 Short Blades
 + Level 2.5 Long Blades
 + Level 5.2 Axes
 + Level 2.5 Maces & Flails
 + Level 2.5 Polearms
 + Level 2.5 Staves
 + Level 2.5 Slings
 + Level 2.5 Bows
 + Level 2.5 Crossbows
 + Level 3.6 Throwing
 + Level 3.6 Armour
 + Level 5.2 Dodging
 + Level 2.5 Stealth
 + Level 2.5 Shields
 + Level 2.5 Unarmed Combat
 + Level 5.6 Spellcasting
 + Level 2.0 Conjurations
 + Level 2.0 Hexes
 + Level 2.0 Summonings
 + Level 2.0 Necromancy
 + Level 5.8 Translocations
 + Level 2.0 Transmutations
 + Level 2.0 Fire Magic
 + Level 2.0 Ice Magic
 + Level 2.0 Air Magic
 + Level 2.0 Earth Magic
 + Level 2.0 Poison Magic
 + Level 2.7 Invocations
 + Level 2.5 Evocations


You had 15 spell levels left.
You knew the following spells:

 Your Spells              Type           Power      Damage    Failure   Level
a - Blink                 Tloc           42%        N/A       16%         2

Your spell library contained the following spells:

 Spells                   Type           Power      Damage    Failure   Level
 Apportation              Tloc           42%        N/A       11%         1
 Gell's Gravitas          Tloc           21%        N/A       32%         3
 Lesser Beckoning         Tloc           21%        N/A       32%         3
 Teleport Other           Tloc           21%        N/A       32%         3
 Animate Skeleton         Necr           20%        N/A       45%         1
 Summon Small Mammal      Summ           40%        N/A       45%         1
 Manifold Assault         Tloc           21%        N/A       96%         5


Dungeon Overview and Level Annotations

Branches:
Dungeon (5/15)              Sewer (visited)
 Temple: D:4-7

Altars:

Shops:
D:1 =   D:5 ?


Innate Abilities, Weirdness & Mutations

You have very sharp teeth.
Your uncanny sense of smell can sniff out nearby items.
Your experience applies equally to all skills.


Message History

You hit the yak.
The yak is heavily wounded.
The yak barely misses you.
You barely miss the yak.
The yak is heavily wounded.
The yak gores you!
You barely miss the yak.
The yak is heavily wounded.
The yak gores you.
You barely miss the yak.
The yak is heavily wounded.
You block the yak's attack.
You hit the yak.
The yak is heavily wounded.
The yak gores you.
* * * LOW HITPOINT WARNING * * *
The yak gores you but does no damage.
You hit the yak but do no damage. You bite the yak, but do no damage.
The yak is heavily wounded.
The yak gores you but does no damage.
You hit the yak but do no damage. You bite the yak, but do no damage.
The yak is heavily wounded.
The yak gores you!
* * * LOW HITPOINT WARNING * * *
You hit the yak.
The yak is severely wounded.
You block the yak's attack.
You hit the yak.
The yak is severely wounded.
The yak gores you!
* * * LOW HITPOINT WARNING * * *
The yak gores you.
* * * LOW HITPOINT WARNING * * *
You hit the yak. You bite the yak, but do no damage.
The yak is almost dead.
You block the yak's attack.
You barely miss the yak.
The yak is almost dead.
The yak gores you.
You die...

##......##............#
#......###............# .......#
#............#####
.##....###..#..........#..##
.#......#..##..............#
[.....................##...##
........##......Y....##...8.###
.....#.###.....##....#...##...##
###..#........YY@...##.####....#
#.....#.#...8.8##...##..###...##
..##.####....................##
..##...#..##8.8..............###
##.#.................#.........#
#...........##......##.........##
..)................###..........#
...........#......####.........>#
....#..8.8(8.8.##.###..........##


You could see 2 yaks.

Vanquished Creatures
  Menkaure (D:4)
  Pargi (Sewer)
  A gnoll sergeant (D:5)
  An iguana (D:5)
  An orc wizard (D:5)
  14 adders
  4 gnolls (D:5)
  An ufetubus (D:4)
  A worm (D:4)
  2 dart slugs (D:1)
  5 orcs
  5 endoplasms
  4 giant cockroaches
  10 goblins
  10 hobgoblins
  2 jackals (D:1)
  10 quokkas
  8 ball pythons
  5 bats
  8 frilled lizards
  6 kobolds
  7 rats
107 creatures vanquished.

Notes
Turn   | Place    | Note
-------+----------+-------------------------------------------
     0 | D:1      | hquester the Gnoll Warper began the quest for the Orb.
     0 | D:1      | Reached XP level 1. HP: 20/20 MP: 6/6
   101 | D:1      | Reached XP level 2. HP: 5/26 MP: 7/7
   312 | D:1      | HP: 1/26 [quokka (1)]
   321 | D:1      | HP: 1/26 [quokka (1)]
   701 | D:1      | Reached XP level 3. HP: 28/31 MP: 7/9
   813 | D:1      | Reached skill level 5 in Spellcasting
   999 | D:1      | Found Jays Ant's Jewellery Boutique.
  1020 | D:1      | Reached skill level 1 in Invocations
  1192 | D:1      | Upgraded the game from 0.29-a0-409-gd843f3a48c to
                  | 0.29-a0-416-g83a48905f1
  1234 | D:2      | Found a faded altar of an unknown god.
  1239 | D:2      | Identified the +1 ring mail of Rextog {rF+ rC- Regen+
                  | Dex+3}
  1293 | D:2      | Reached skill level 1 in Short Blades
  1293 | D:2      | Reached skill level 1 in Long Blades
  1293 | D:2      | Reached skill level 1 in Maces & Flails
  1293 | D:2      | Reached skill level 1 in Polearms
  1293 | D:2      | Reached skill level 1 in Staves
  1293 | D:2      | Reached skill level 1 in Slings
  1293 | D:2      | Reached skill level 1 in Bows
  1293 | D:2      | Reached skill level 1 in Crossbows
  1293 | D:2      | Reached skill level 1 in Stealth
  1293 | D:2      | Reached skill level 1 in Shields
  1293 | D:2      | Reached skill level 1 in Unarmed Combat
  1293 | D:2      | Reached skill level 1 in Evocations
  1360 | D:2      | Reached XP level 4. HP: 38/38 MP: 11/11
  1634 | D:2      | Reached skill level 1 in Conjurations
  1634 | D:2      | Reached skill level 1 in Hexes
  1634 | D:2      | Reached skill level 1 in Summonings
  1634 | D:2      | Reached skill level 1 in Necromancy
  1634 | D:2      | Reached skill level 1 in Transmutations
  1634 | D:2      | Reached skill level 1 in Fire Magic
  1634 | D:2      | Reached skill level 1 in Ice Magic
  1634 | D:2      | Reached skill level 1 in Air Magic
  1634 | D:2      | Reached skill level 1 in Earth Magic
  1634 | D:2      | Reached skill level 1 in Poison Magic
  2009 | D:3      | Found a glowing drain.
  2021 | D:3      | Reached XP level 5. HP: 38/43 MP: 10/12
  2032 | Sewer    | Entered a sewer
  2065 | Sewer    | Noticed Pargi
  2102 | Sewer    | Killed Pargi
  2103 | Sewer    | Reached XP level 6. HP: 19/50 MP: 4/13
  2613 | D:3      | Learned a level 2 spell: Blink
  2784 | D:4      | Noticed Menkaure
  2856 | D:4      | Killed Menkaure
  2857 | D:4      | Reached skill level 5 in Fighting
  2857 | D:4      | Reached skill level 5 in Axes
  2857 | D:4      | Reached skill level 5 in Dodging
  3283 | D:5      | Entered Level 5 of the Dungeon
  3283 | D:5      | Noticed a yak
  3283 | D:5      | Noticed a yak
  3285 | D:5      | Noticed a yak
  3286 | D:5      | Noticed a yak
  3352 | D:5      | Reached XP level 7. HP: 49/56 MP: 12/15
  3740 | D:5      | Found Gipt's Magic Scroll Shop.
  3814 | D:4      | HP: 2/56 [yak (5)]
  3816 | D:4      | Slain by a yak

Illustrated notes

Levels and vault maps discovered:
D:1:      dpeg_arrival_signposts, layout_basic, serial_shops,
          nicolae_square_shop
D:2:      layout_rooms, nicolae_ecumenical_pavilion, hex_large
D:3:      layout_rooms, portal_sewer_entry_f
D:4:      layout_cave_pools, serial_column_ruins, column_ruins_pillar_4,
          column_ruins_pillar_9, column_ruins_pillar_6, column_ruins_pillar_1,
          column_ruins_pillar_4, column_ruins_pillar_6, column_ruins_pillar_3,
          column_ruins_pillar_10, column_ruins_pillar_5, column_ruins_pillar_4,
          column_ruins_pillar_2, column_ruins_pillar_1, column_ruins_pillar_4,
          uniq_menkaure
D:5:      layout_loops_ring, serial_shops, shop

Skill      XL: |  1  2  3  4  5  6  7 |
---------------+----------------------+-----
Spellcasting   | 5 |  5.6
Invocations    | 1 2 |  2.7
Short Blades   | 1 2 |  2.5
Long Blades    | 1 2 |  2.5
Maces & Flails | 1 2 |  2.5
Polearms       | 1 2 |  2.5
Staves         | 1 2 |  2.5
Slings         | 1 2 |  2.5
Bows           | 1 2 |  2.5
Crossbows      | 1 2 |  2.5
Stealth        | 1 2 |  2.5
Shields        | 1 2 |  2.5
Unarmed Combat | 1 2 |  2.5
Evocations     | 1 2 |  2.5
Conjurations   | 1 2 |  2.0
Hexes          | 1 2 |  2.0
Summonings     | 1 2 |  2.0
Necromancy     | 1 2 |  2.0
Transmutations | 1 2 |  2.0
Fire Magic     | 1 2 |  2.0
Ice Magic      | 1 2 |  2.0
Air Magic      | 1 2 |  2.0
Earth Magic    | 1 2 |  2.0
Poison Magic   | 1 2 |  2.0
Throwing       | 3 |  3.6
Armour         | 3 |  3.6
Fighting       | 5 |  5.2
Axes           | 5 |  5.2
Dodging        | 5 |  5.2
Translocations | |  5.8

Action                   |  1- 3 |  4- 6 |  7- 9 || total
-------------------------+-------+-------+-------++-------
Melee: Hand axe          |   115 |   256 |   144 ||   515
       Bite              |     7 |    29 |    26 ||    62
       War axe           |       |    18 |       ||    18
 Cast: Blink             |       |     1 |       ||     1
  Use: Scroll            |     1 |    13 |       ||    14
       Potion            |     1 |     2 |       ||     3
 Stab: Sleeping          |     1 |       |       ||     1
Armor: Leather armour    |    32 |       |       ||    32
       Ring mail         |    22 |   118 |    36 ||   176
Dodge: Dodged            |    71 |   164 |    57 ||   292
Block: Kite shield       |    43 |   170 |    68 ||   281

Table legend: (Time is in decaauts)
 A = Elapsed time spent in this place.
 B = Non-inter-level travel time spent in this place.
 C = Inter-level travel time spent in this place.
 D = Time resting spent in this place.
 E = Time spent auto-exploring this place.
 F = Levels seen in this place.
 G = Mean time per level.
                   A        B        C        D        E       F      G
               +--------+--------+--------+--------+--------+-----+--------+
         Total |   3999 |   3941 |     58 |    303 |   1785 |   6 |  666.5 |
       Dungeon |   3628 |   3570 |     58 |    303 |   1609 |   5 |  725.6 |
         Sewer |    371 |    371 |      0 |      0 |    176 |   1 |  371.0 |
               +--------+--------+--------+--------+--------+-----+--------+

Top non-repeatable levels by time:
     D:1: 1252 daAuts
     D:4: 764 daAuts
     D:3: 592 daAuts
     D:2: 549 daAuts
     D:5: 468 daAuts
   Sewer: 371 daAuts
